 Dungeon Crawl Stone Soup version 0.31-a0-175-g9f7f995f2b (webtiles) character file.

Game seed: 1738979636397174159

96 Maxmaps the Shooter (level 4, 0/33 HPs)
             Began as a Formicid Hunter on June 17, 2023.
             Slain by a quokka (2 damage)
             ... summoned by Eustachio
             ... on level 4 of the Dungeon.
             The game lasted 00:01:14 (2016 turns).

Maxmaps the Shooter (Formicid Hunter)               Turns: 2016, Time: 00:01:16

Health: 0/33       AC:  3    Str: 16    XL:     4   Next: 98%
Magic:  4/4        EV: 12    Int:  8    God:
Gold:   164        SH:  0    Dex: 19    Spells: 3/3 levels left

rFire   + . .        a - +0 shortbow
rCold   . . .        (no shield)
rNeg    . . .        c - +0 leather armour
rPois   .            (helmet unavailable)
rElec   .            (no cloak)
rCorr   .            (no gloves)
SInv    +            (no boots)
Will    .....        (no amulet)
Stlth   ++           g - ring of protection from fire
HPRegen 0.25/turn    (no ring)
MPRegen 0.09/turn

%: no passive effects
@: no status effects
A: permanent stasis, dig shafts and tunnels, antennae 3, four strong arms
a: Dig, Shaft Self


You were on level 4 of the Dungeon.
You visited 1 branch of the dungeon, and saw 4 of its levels.

You collected 164 gold pieces.

Inventory:

Hand Weapons
 a - a +0 shortbow (weapon)
Missiles
 f - 2 throwing nets
Armour
 c - a +0 leather armour (worn)
Jewellery
 g - a ring of protection from fire (left hand)
Scrolls
 b - a scroll of butterflies
 d - a scroll of amnesia {unknown}
 e - a scroll of silence {unknown}
 j - 3 scrolls of identify {unknown}
 l - a scroll of enchant weapon {unknown}
 m - a scroll of vulnerability {unknown}
Potions
 h - 2 potions of invisibility {unknown}
 i - a potion of lignification {unknown}
 k - a potion of berserk rage {unknown}
 n - a potion of curing {unknown}


   Skills:
 - Level 2.1 Fighting
 + Level 5.9 Ranged Weapons
 - Level 1.7 Dodging
 - Level 1.2 Stealth


You had 3 spell levels left.
You didn't know any spells.
Your spell library contained the following spells:

 Spells                   Type           Power      Damage    Failure   Level
 Static Discharge         Conj/Air       0%         2-2/arc   63%         2
 Airstrike                Air            0%         2d(0-16)  99%         4
 Summon Lightning Spire   Summ/Air       0%         N/A       99%         4


Dungeon Overview and Level Annotations

Branches:
Dungeon (4/15)
 Temple: D:4-7

Altars:
Uskayaw
Yredelemnul

Annotations:
D:4 Eustachio


Innate Abilities, Weirdness & Mutations

You cannot be hasted, slowed, berserked, paralysed or teleported.
You can dig through walls and to a lower floor.
You have a pair of large antennae on your head. (SInv)
Your four strong arms can wield two-handed weapons with a shield.


Message History

Aim: a river rat (summoned, 61% to hit)
You shoot an arrow. The arrow hits the river rat.
The river rat is moderately wounded.
The quokka misses you. The river rat bites you.
* * * LOW HITPOINT WARNING * * *
The quokka barely misses you.
Fire: a) +0 shortbow
Press: ? - help, Shift-Dir - straight line, f/p - river rat
Aim: a river rat (moderately wounded, summoned, 61% to hit)
You shoot an arrow.
The arrow hits the river rat but does no damage.
The river rat is moderately wounded.
The river rat bites you!
* * * LOW HITPOINT WARNING * * *
The quokka bites you.
* * * LOW HITPOINT WARNING * * *
Fire: a) +0 shortbow
Press: ? - help, Shift-Dir - straight line, f/p - river rat
Aim: a river rat (moderately wounded, summoned, 61% to hit)
You shoot an arrow. The arrow hits the river rat.
The river rat is heavily wounded.
The quokka barely misses you. The river rat barely misses you.
Unknown command.
Fire: a) +0 shortbow
Press: ? - help, Shift-Dir - straight line, f/p - river rat
Aim: a river rat (heavily wounded, summoned, 61% to hit)
You shoot an arrow. The arrow hits the river rat.
The river rat is almost dead.
The quokka barely misses you. The river rat barely misses you.
The quokka bites you but does no damage.
The river rat misses you.
Unknown command.
Fire: a) +0 shortbow
Press: ? - help, Shift-Dir - straight line, f/p - river rat
Aim: a river rat (almost dead, summoned, 61% to hit)
You shoot an arrow.
The arrow hits the river rat but does no damage.
The river rat is almost dead.
The quokka bites you.
You die...

... .#> #..
.... ##.. ##
....# ..# ..##
..... ./###....
###..##..#...#.
?..............
......@@......#
#....#rr......#
... ##........#
# #.........#
##..........
#...........
##.<.#####..
#..##{ { #.
##.#{{{


You could see Eustachio, a river rat (summoned) and a quokka (summoned).

Vanquished Creatures
  Jessica (D:2)
  2 adders
  2 dart slugs
  An orc (D:3)
  6 ball pythons
  3 bats
  An endoplasm (D:2)
  2 giant cockroaches
  4 goblins
  7 hobgoblins
  6 kobolds
  2 quokkas
  5 frilled lizards
  2 rats
44 creatures vanquished.

Notes
Turn   | Place    | Note
-------+----------+-------------------------------------------
     0 | D:1      | Maxmaps the Formicid Hunter began the quest for the Orb.
     0 | D:1      | Reached XP level 1. HP: 16/16 MP: 1/1
    67 | D:1      | Reached XP level 2. HP: 19/22 MP: 2/2
   749 | D:2      | Reached XP level 3. HP: 27/27 MP: 3/3
   792 | D:2      | Reached skill level 5 in Ranged Weapons
  1190 | D:2      | Noticed Jessica
  1198 | D:2      | Killed Jessica
  1199 | D:2      | Reached XP level 4. HP: 26/33 MP: 4/4
  1321 | D:3      | Found a basalt altar of Yredelemnul.
  1556 | D:3      | Found a hide-covered altar of Uskayaw.
  1993 | D:4      | Noticed Eustachio
  2013 | D:4      | HP: 1/33 [quokka[Eustachio] (1)]
  2016 | D:4      | Slain by a quokka

Illustrated notes

Levels and vault maps discovered:
D:1:      nicolae_arrival_somewhat_less_tricky_arrival, layout_basic,
          st_stairs_12
D:2:      layout_basic, serial_bayou_pond_d, uniq_jessica
D:3:      layout_loops_ring, lemuel_round_altar,
          mainiacjoe_overflow_small_starburst, minmay_door_square,
          minmay_surrounded
D:4:      layout_cave_pools, nicolae_dithmenos_shadow_blocks,
          minmay_joined_circles, uniq_eustachio

Skill      XL: |  1  2  3 |
---------------+----------+-----
Ranged Weapons | 5 |  5.9
Fighting       | |  2.1
Dodging        | |  1.7
Stealth        | |  1.2

Action                     |  1- 3 |  4- 6 || total
---------------------------+-------+-------++-------
   Fire: Shortbow          |    98 |    53 ||   151
 Armour: Leather armour    |     7 |    10 ||    17
  Dodge: Dodged            |    28 |    35 ||    63

Table legend: (Time is in decaauts)
 A = Elapsed time spent in this place.
 B = Non-inter-level travel time spent in this place.
 C = Inter-level travel time spent in this place.
 D = Time resting spent in this place.
 E = Time spent auto-exploring this place.
 F = Levels seen in this place.
 G = Mean time per level.
                   A        B        C        D        E       F      G
               +--------+--------+--------+--------+--------+-----+--------+
         Total |   2040 |   1992 |     48 |      0 |   1715 |   4 |  510.0 |
       Dungeon |   2040 |   1992 |     48 |      0 |   1715 |   4 |  510.0 |
               +--------+--------+--------+--------+--------+-----+--------+

Top non-repeatable levels by time:
     D:1: 751 daAuts
     D:3: 681 daAuts
     D:2: 575 daAuts
     D:4: 33 daAuts
